 Dungeon Crawl Stone Soup version 0.20-a0-1116-gaa52201 (webtiles) character file.

17437 Monsterracer the Martial Artist (level 12, -7/112 HPs)
             Began as a Naga Transmuter on May 7, 2017.
             Was a High Priest of Cheibriados.
             Mangled by a yak (8 damage)
             ... on level 2 of the Lair of Beasts.
             The game lasted 01:03:20 (17009 turns).

Monsterracer the Martial Artist (Naga Transmuter)  Turns: 17009, Time: 01:03:22

Health: -7/112     AC: 11    Str: 26    XL:     12   Next: 48%
Magic:  20/26      EV: 13    Int: 36    God:    Cheibriados [*****.]
Gold:   276        SH:  0    Dex: 27    Spells: 0/17 levels left

rFire    . . .     SeeInvis +     - Unarmed
rCold    . . .     Gourm    .   (shield currently unavailable)
rNeg     . . .     Faith    .   w - +2 robe of the Jolly Eyes {rCorr Int+4}
rPois    +         Spirit   .   b - +2 helmet {SInv}
rElec    .         Reflect  .   u - +0 cloak
rCorr    +         Harm     .   (gloves currently unavailable)
MR       +....                  (no barding)
Stlth    ++++......             (no amulet)
Regen    0.3/turn               m - ring of magical power
MPRegen  0.2/turn               o - ring of resist corrosion

@: blade hands, very slow
A: see invisible, deformed body, poison resistance, slowness 2, slow metabolism
1, spit poison 1, AC +4
a: Spit Poison, End Transformation, Bend Time, Temporal Distortion, Slouch, Step
From Time, Renounce Religion


You were on level 2 of the Lair of Beasts.
You worshipped Cheibriados.
Cheibriados was extremely pleased with you.
You were very hungry.
You had blades for hands.
You visited 3 branches of the dungeon, and saw 13 of its levels.

You collected 860 gold pieces.
You spent 584 gold pieces at shops.

Inventory:

Missiles
 f - 4 tomahawks (quivered)
 t - a throwing net
Armour
 b - a +2 helmet of see invisible (worn)
 u - a +0 cloak (worn)
 w - the +2 robe of the Jolly Eyes (worn) {rCorr Int+4}
   (You bought it in a shop on level 9 of the Dungeon)

   It affects your intelligence (+4).
   It protects you from acid and corrosion.
Jewellery
 c - an uncursed ring of fire
 m - a ring of magical power (left scythe-like blade)
 o - a ring of resist corrosion (right scythe-like blade)
 A - an uncursed ring of fire
Wands
 i - a wand of confusion (29/48)
 r - a wand of disintegration (19/24)
 s - a wand of confusion (18/48)
 B - a wand of enslavement (4/24)
Scrolls
 e - 13 scrolls of remove curse {unknown}
 g - 7 scrolls of identify
 k - 2 scrolls of enchant armour
 l - 9 scrolls of teleportation
 p - a scroll of enchant weapon
 y - a scroll of amnesia
 C - a scroll of summoning
Potions
 j - 4 potions of heal wounds
 n - 3 potions of curing
 q - a potion of ambrosia
 v - 3 potions of flight
 x - 2 potions of brilliance
 z - a potion of agility
Comestibles
 a - 5 royal jellies
 d - 7 bread rations
 h - 5 meat rations
 D - 14 fruits


   Skills:
 + Level 8.7 Fighting
 + Level 3.5 Dodging
 + Level 5.4 Stealth
 * Level 12.7 Unarmed Combat
 - Level 3.0 Spellcasting
 + Level 9.8 Transmutations
 - Level 2.1 Poison Magic
 + Level 7.1 Invocations
 + Level 1.2 Evocations


You couldn't memorise any spells.
You knew the following spells:

 Your Spells              Type           Power        Failure   Level  Hunger
a - Beastly Appendage     Tmut           ######       7%          1    None
b - Spider Form           Tmut/Pois      #####.....   17%         3    ##.....
c - Blade Hands           Tmut           ######....   22%         5    #####..
d - Ice Form              Ice/Tmut       #####...     36%         4    ####...
e - Summon Small Mammal   Summ           #...         32%         1    None
f - Conjure Flame         Conj/Fire      #.......     54%         3    ##.....


Dungeon Overview and Level Annotations

Branches:
Dungeon (10/15)            Temple (1/1) D:4            Lair (2/6) D:8
  Swamp: Lair:2-4    Shoals: Lair:2-4     Snake: Lair:2-4    Spider: Lair:2-4
    Orc: D:9-12

Altars:
Ashenzari
Cheibriados
Dithmenos
Elyvilon
Fedhas
Gozag
Hepliaklqana
Kikubaaqudgha
Makhleb
Nemelex Xobeh
Okawaru
Qazlal
Ru
Sif Muna
Trog
Uskayaw
Vehumet
Wu Jian
Xom
Yredelemnul
Zin
The Shining One

Shops:
D:6 %   D:9 !:[!


Innate Abilities, Weirdness & Mutations

You cannot wear boots.
Your serpentine skin is tough. (AC +4)
You have supernaturally acute eyesight. (SInv)
Armour fits poorly on your strangely shaped body.
Your system is resistant to poisons. (rPois)
You cover ground very slowly.
You have a slow metabolism.
You can spit poison.


Message History

You kill the yak!
Cheibriados thoroughly appreciates the change of pace.
The yak gores you but does no damage.
You hit the yak.
The yak is almost dead.
The yak closely misses you. The yak gores you!
* * * LOW HITPOINT WARNING * * *
The yak gores you but does no damage.
You slash the yak!
You kill the yak!
Cheibriados thoroughly appreciates the change of pace.
The yak barely misses you.
You hit the yak.
The yak is severely wounded.
The yak gores you!
* * * LOW HITPOINT WARNING * * *
The yak gores you!
* * * LOW HITPOINT WARNING * * *
The yak gores you!
You die...

###.............
#............... #
##............... #
##...............# ###
##................# ..#
##.................#
..#####................###
...##.......##.YYY...###
..........######@#####
.P..##..##.# ### #######P#
## ###


You could see 3 yaks.

Vanquished Creatures
  7 two-headed ogres
  2 unseen horrors (D:10)
  Pikel (D:6)
  An elephant (D:8)
  2 spiny frogs (Lair:2)
  The ghost of FrancescoMac the Sneak, a novice OpMo (D:6)
  A troll (D:8)
  A hornet (D:9)
  Prince Ribbit (D:5)
  4 hippogriffs
  12 yaks
  Sigmund (D:6)
  A basilisk (D:8)
  A hungry ghost (D:10)
  A soldier ant (D:10)
  3 water moccasins
  2 porcupines (Lair:2)
  A slave (D:6)
  Duvessa (D:6)
  9 orc warriors
  3 sky beasts
  A black bear (D:6)
  2 phantoms
  9 ogres
  4 centaurs
  5 crocodiles
  2 big kobolds
  4 bullfrogs
  Dowan (D:6)
  5 scorpions
  18 killer bees
  A howler monkey (D:5)
  6 wights
  3 jellies
  6 crimson imps
  A centaur zombie (D:8)
  A quasit (D:7)
  Crazy Yiuf (D:5)
  6 hounds
  2 orc priests
  9 orc wizards
  A bullfrog skeleton (D:5)
  A centaur skeleton (D:8)
  7 worker ants
  4 iguanas
  A howler monkey skeleton (D:4)
  A worker ant zombie (D:3)
  9 adders
  4 shadow imps
  2 oozes
  2 adder zombies (D:6)
  4 adder skeletons
  A worm (D:3)
  2 dart slugs
  6 leopard geckos
  48 orcs
  4 bats
  7 giant cockroaches
  13 goblins
  7 hobgoblins
  7 jackals (D:2)
  19 kobolds
  7 quokkas
  A ball python (D:2)
  8 frilled lizards
  A jackal skeleton (D:5)
  A leopard gecko skeleton (D:4)
  2 quokka skeletons
  A quokka zombie (D:9)
  5 rats
319 creatures vanquished.

Vanquished Creatures (collateral kills)
  A water moccasin (D:4)
  A worker ant (D:4)
  An adder (D:3)
3 creatures vanquished.

Vanquished Creatures (others)
  An ogre (D:6)
  A centaur (D:6)
2 creatures vanquished.

Grand Total: 324 creatures vanquished

Notes
Turn   | Place    | Note
-------+----------+-------------------------------------------
     0 | D:1      | Monsterracer the Naga Transmuter began the quest for the Orb.
     0 | D:1      | Reached XP level 1. HP: 18/18 MP: 3/3
   124 | D:1      | Reached XP level 2. HP: 25/25 MP: 5/5
   584 | D:1      | Reached skill level 4 in Unarmed Combat
   888 | D:1      | Reached XP level 3. HP: 24/31 MP: 6/6
   959 | D:1      | Learned a level 3 spell: Spider Form
  1547 | D:2      | Reached skill level 1 in Poison Magic
  2122 | D:2      | Reached XP level 4. HP: 34/38 MP: 7/7
  3399 | D:3      | Reached XP level 5. HP: 36/44 MP: 8/8
  3496 | D:3      | Learned a level 2 spell: Sticks to Snakes
  3886 | D:4      | Noticed a water moccasin
  3903 | D:4      | Killed a water moccasin
  3903 | D:4      | Reached skill level 5 in Unarmed Combat
  4184 | D:4      | Reached XP level 6. HP: 55/55 MP: 9/9
  4245 | D:4      | Learned a level 5 spell: Blade Hands
  4424 | D:4      | Reached skill level 6 in Unarmed Combat
  4605 | D:4      | Found a staircase to the Ecumenical Temple.
  4611 | Temple   | Entered the Ecumenical Temple
  4623 | Temple   | Became a worshipper of Cheibriados the Contemplative
  4832 | D:5      | Entered Level 5 of the Dungeon
  4880 | D:5      | Reached XP level 7. HP: 27/62 MP: 10/10
  5096 | D:5      | Reached skill level 1 in Invocations
  5403 | D:5      | Reached skill level 7 in Unarmed Combat
  5617 | D:5      | Noticed Prince Ribbit
  5642 | D:5      | Killed Prince Ribbit
  5642 | D:5      | Reached XP level 8. HP: 37/72 MP: 11/11
  6216 | D:5      | Found a white marble altar of Elyvilon.
  6217 | D:5      | Found a sparkling altar of Nemelex Xobeh.
  6376 | D:5      | Found a runed door.
  6488 | D:6      | Noticed Sigmund
  6569 | D:6      | Killed Sigmund
  7172 | D:6      | Reached * piety under Cheibriados
  7211 | D:6      | Reached skill level 8 in Unarmed Combat
  7334 | D:6      | Noticed Dowan
  7337 | D:6      | Noticed Duvessa
  7339 | D:6      | Killed Dowan
  7353 | D:6      | Killed Duvessa
  7353 | D:6      | Reached skill level 5 in Fighting
  7650 | D:6      | Reached XP level 9. HP: 77/81 MP: 11/12
  7761 | D:6      | Noticed FrancescoMac's ghost (novice OpMo)
  7776 | D:6      | Killed FrancescoMac's ghost
  7776 | D:6      | Reached skill level 9 in Unarmed Combat
  7941 | D:6      | Reached skill level 5 in Transmutations
  8161 | D:6      | Reached ** piety under Cheibriados
  8235 | D:6      | Found Eqaar's Food Boutique.
  8257 | D:6      | Noticed Pikel
  8268 | D:6      | Killed Pikel
  8371 | D:6      | Reached skill level 10 in Unarmed Combat
  9067 | D:7      | Reached XP level 10. HP: 86/92 MP: 13/13
  9360 | D:7      | Reached *** piety under Cheibriados
 10455 | D:5      | Noticed Crazy Yiuf
 10457 | D:5      | Killed Crazy Yiuf
 10818 | D:8      | Noticed a two-headed ogre
 10839 | D:8      | Reached **** piety under Cheibriados
 10860 | D:8      | Learned a level 4 spell: Ice Form
 10897 | D:8      | Killed a two-headed ogre
 11154 | D:8      | Reached skill level 11 in Unarmed Combat
 11284 | D:8      | Found a staircase to the Lair.
 11284 | D:8      | Noticed an elephant
 11355 | D:8      | Noticed a two-headed ogre
 11372 | D:8      | Killed an elephant
 11372 | D:8      | Reached skill level 5 in Invocations
 11374 | D:8      | Killed a two-headed ogre
 11374 | D:8      | Reached XP level 11. HP: 23/100 MP: 14/14
 12050 | D:8      | Noticed a two-headed ogre
 12058 | D:8      | Killed a two-headed ogre
 12461 | D:9      | Reached ***** piety under Cheibriados
 12572 | D:9      | Learned a level 1 spell: Summon Small Mammal
 12652 | D:9      | Found Lubug's Armour Boutique.
 12661 | D:9      | Bought the +2 robe of the Jolly Eyes {rCorr Int+4} for 348 gold pieces
 12672 | D:9      | Bought a +2 helmet of see invisible for 236 gold pieces
 12697 | D:9      | Found Fifuont's Distillery.
 13000 | D:9      | Noticed a two-headed ogre
 13010 | D:9      | Killed a two-headed ogre
 13166 | D:9      | Found Osyhar's Book Shoppe.
 13179 | D:9      | Found Bacruobb's Distillery.
 13229 | D:9      | Noticed a two-headed ogre
 13234 | D:9      | Killed a two-headed ogre
 13234 | D:9      | Reached skill level 1 in Stealth
 13234 | D:9      | Reached skill level 12 in Unarmed Combat
 13417 | D:10     | Entered Level 10 of the Dungeon
 13575 | D:10     | Noticed an unseen horror
 13583 | D:10     | Killed an unseen horror
 13661 | D:10     | Noticed a two-headed ogre
 13667 | D:10     | Killed a two-headed ogre
 13942 | D:10     | Noticed an unseen horror
 13946 | D:10     | Killed an unseen horror
 13946 | D:10     | Reached XP level 12. HP: 108/112 MP: 16/16
 14383 | D:10     | Learned a level 3 spell: Conjure Flame
 14445 | D:10     | Noticed a two-headed ogre
 14450 | D:10     | Killed a two-headed ogre
 15184 | Lair:1   | Entered Level 1 of the Lair of Beasts
 15598 | Lair:1   | Noticed a seven-headed hydra
 15605 | Lair:1   | Noticed a five-headed hydra
 16994 | Lair:2   | Reached skill level 1 in Evocations
 17004 | Lair:2   | Reached skill level 5 in Stealth
 17009 | Lair:2   | HP: 1/112 [yak (12)]
 17009 | Lair:2   | Mangled by a yak

Vault maps used:
D:1:      minmay_arrival_up_and_down, serial_forest,
          infiniplex_forest_end_double, infiniplex_forest_lined_3,
          infiniplex_forest_lined_3_way, infiniplex_forest_lined_2,
          infiniplex_forest_end_1, infiniplex_forest_3_way
D:3:      grunt_ministairs_9
D:4:      temple_green, minmay_misc_feat_doors, minmay_tree_intersection,
          minmay_misc_feat_alley
D:5:      gammafunk_temple_overflow_statue, first_bread,
          uniq_crazy_yiuf_cottage, uniq_prince_ribbit1
D:6:      serial_shops, shop, lightli_minifort, uniq_duvessa, uniq_sigmund,
          uniq_pikel
D:7:      grunt_ogre_cave
D:8:      david_lair_generic
D:9:      serial_shops, shop, shop, shop, kennysheep_mini
D:10:     serial_co_window_serial, co_window_corner_a,
          co_window_of_opportunity_a, co_window_of_opportunity_a,
          co_window_cross_1, co_window_corner_a, co_window_of_opportunity_a,
          co_window_paths_a, co_window_of_opportunity_a,
          co_window_of_opportunity_a, co_window_broadway_c,
          co_window_unsneaky_path_e, co_window_broadway_a,
          co_window_unsneaky_path_c, co_window_corner_ca, co_window_sun,
          co_window_paths_e, glass_columns_a, glass_columns_a, glass_columns_a
Temple:   regret_index_temple_chain_breaker
Lair:1:   basic_altar
Lair:2:   minmay_snake_entry_guardpost_small, lemuel_fruit_tree

Skill      XL: |  1  2  3  4  5  6  7  8  9 10 11 12 |
---------------+-------------------------------------+-----
Unarmed Combat | 4 5 6 7 8 10 11 12 | 12.7
Poison Magic   | 1 2 |  2.1
Dodging        | 2 3 |  3.5
Fighting       | 2 3 4 5 6 7 8 |  8.7
Invocations    | 2 3 5 6 7 |  7.1
Transmutations | 3 4 6 8 9 |  9.8
Stealth        | 3 5 |  5.4
Spellcasting   | 3 |  3.0
Evocations     | 1 |  1.2

Action                   |  1- 3 |  4- 6 |  7- 9 | 10-12 || total
-------------------------+-------+-------+-------+-------++-------
Melee: Unarmed           |    95 |   104 |   230 |   422 ||   851
       Headbutt          |     3 |       |       |       ||     3
       Punch             |     1 |     1 |     5 |    20 ||    27
Throw: Stone             |       |       |     2 |       ||     2
       Tomahawk          |       |       |       |     3 ||     3
 Cast: Beastly Appendage |     7 |     1 |       |       ||     8
       Spider Form       |     1 |     4 |    18 |    22 ||    45
       Sticks to Snakes  |       |     6 |       |       ||     6
       Blade Hands       |       |       |       |    20 ||    20
       Ice Form          |       |       |       |     5 ||     5
       Summon Small Mamm |       |       |       |     1 ||     1
Invok: Slouch            |       |       |       |     2 ||     2
 Abil: Spit Poison       |    36 |    35 |    38 |    71 ||   180
       End Transformatio |       |       |       |     1 ||     1
Evoke: Wand              |       |     1 |     2 |       ||     3
  Use: Potion            |     2 |     1 |     4 |     2 ||     9
       Scroll            |       |     8 |     2 |     9 ||    19
 Stab: Confused          |       |       |     1 |       ||     1
       Sleeping          |       |       |       |     1 ||     1
  Eat: Chunk             |     5 |    10 |    11 |    28 ||    54
       Fruit             |       |       |     2 |     2 ||     4
       Royal jelly       |       |       |     1 |       ||     1
Armor: Robe              |    18 |    15 |    33 |    67 ||   133
       Skin              |       |     2 |     2 |    10 ||    14
Dodge: Dodged            |    36 |    50 |   156 |   263 ||   505
